 Dungeon Crawl Stone Soup version 0.28-a0-750-g7c675f85b1 (webtiles) character file.

Game seed: 1370076083519668227

331 Woods the Magician (level 6, -1/41 HPs)
             Began as a Djinni Venom Mage on Oct 30, 2021.
             Slain by a centaur zombie (3 damage)
             ... on level 4 of the Dungeon.
             The game lasted 00:08:10 (5656 turns).

Woods the Magician (Djinni Venom Mage)              Turns: 5656, Time: 00:08:11

Health: -1/41      AC:  2    Str:  7    XL:     6   Next: 82%
Gold:   231        EV: 13    Int: 18    God:
                   SH:  0    Dex: 14

rFire   + + .      SeeInvis .   (no weapon)
rCold   x . .      Faith    .   (no shield)
rNeg    . . .      Spirit   .   a - +0 robe
rPois   ∞          Reflect  .   (no helmet)
rElec   .          Harm     .   (no cloak)
rCorr   .          Rampage  .   (no gloves)
Will    .....                   (boots unavailable)
Stlth   ++........              (no amulet)
HPRegen 0.13/turn               f - +4 ring of slaying
MPRegen 0.00/turn               (no ring)

@: flying
A: sickness immunity, fire resistance 2, cold vulnerability 1, float, innate
caster, hp casting, extra vitality 1
a: no special abilities


You were on level 4 of the Dungeon.
You visited 1 branch of the dungeon, and saw 4 of its levels.

You collected 231 gold pieces.

Inventory:

Armour
 a - a +0 robe (worn)
Jewellery
 f - a +4 ring of slaying (left hand)
Wands
 g - a wand of paralysis (2)
Scrolls
 b - a scroll of amnesia {unknown}
 c - 3 scrolls of teleportation {unknown}
 d - a scroll of magic mapping {unknown}
 i - a scroll of enchant armour {unknown}
 j - 2 scrolls of identify {unknown}
 k - 2 scrolls of vulnerability {unknown}
 l - a scroll of noise {unknown}
 m - a scroll of fear {unknown}
Potions
 e - a potion of magic
 h - a potion of curing {unknown}


   Skills:
 + Level 0.4 Fighting
 + Level 2.9 Dodging
 + Level 2.3 Stealth
 + Level 0.5 Unarmed Combat
 + Level 5.0 Spellcasting


You had 2 spell levels left.
You knew the following spells:

 Your Spells              Type           Power      Damage    Failure   Level
a - Sting                 Tmut/Pois      88%        1d7       1%          1
b - Poisonous Vapours     Pois/Air       44%        N/A       2%          2
c - Mephitic Cloud        Conj/Pois/Air  22%        N/A       4%          3
d - Olgreb's Toxic Radia  Pois           22%        N/A       17%         4
e - Apportation           Tloc           44%        N/A       1%          1
f - Ensorcelled Hibernat  Hex/Ice        44%        N/A       2%          2
Your spell library was empty.

Dungeon Overview and Level Annotations

Branches:
Dungeon (4/15)
 Temple: D:4-7

Altars:
Dithmenos
Hepliaklqana
Makhleb
Qazlal
Sif Muna
Wu Jian


Innate Abilities, Weirdness & Mutations

You are immune to sickness and miasma.
You are immune to poison.
Your flesh is very heat resistant. (rF++)
You are vulnerable to cold. (rC-)
You float through the air rather than walking.
You learn spells naturally, not from books.
Your magical power is your life essence.
You have superior vitality. (+4 HP)


Message History

The centaur skeleton kicks you.
* * * LOW HITPOINT WARNING * * *
The centaur skeleton barely misses you.
The centaur skeleton closely misses you.
You hit the centaur skeleton.
You destroy the centaur skeleton!
The centaur zombie hits you but does no damage.
The centaur zombie barely misses you.
Your Spellcasting skill increases to level 5!
You hit the centaur zombie.
The centaur zombie is lightly damaged.
The centaur zombie hits you.
* * * LOW HITPOINT WARNING * * *
The centaur zombie misses you.
Unknown command.
The centaur zombie barely misses you. x2
There is an open door here.
The centaur zombie hits you.
* * * LOW HITPOINT WARNING * * *
The centaur zombie kicks you.
* * * LOW HITPOINT WARNING * * *
There is an open door here.
The centaur zombie hits you.
* * * LOW HITPOINT WARNING * * *
The centaur zombie misses you.
f - a +4 ring of slaying (left hand)
The centaur zombie completely misses you.
The centaur zombie kicks you but does no damage.
You barely miss the centaur zombie.
The centaur zombie is lightly damaged.
The centaur zombie hits you.
* * * LOW HITPOINT WARNING * * *
The centaur zombie kicks you but does no damage.
It was a potion of magic.
Magic washes over you without effect. The centaur zombie hits you.
* * * LOW HITPOINT WARNING * * *
The centaur zombie closely misses you.
The centaur zombie barely misses you. x2
The centaur zombie hits you.
You die...

#)#.#.........
.##########.#.##......g.
............#.......<... ##'##
..!.###'###...##........
#....... ....# #.#
#.#............#......
....###.###.#..#......S..#......
#...+.._..'.#.)#<#... ..'......
###.#######....#.#.## ####..†...
..# ### #..#.#@#.####.......###
..# #####....Z......'.......'>#
#.. .........#.#.####.......#.#
................#.....†.#.#
#####.#####.#.##.#.......#)# #.
#......#.......#.# #.
#.####.........#.# #.#
#.........#.# #.# #.........#.#


You could see a centaur zombie.

Vanquished Creatures
  An ogre (D:4)
  A howler monkey (D:4)
  2 orc priests (D:4)
  A centaur skeleton (D:4)
  A hound skeleton (D:4)
  4 adders
  An adder skeleton (D:4)
  3 worms
  A dart slug (D:4)
  3 orcs (D:4)
  6 ball pythons
  4 endoplasms
  4 giant cockroaches
  5 goblins
  7 hobgoblins
  3 jackals (D:1)
  4 kobolds
  4 quokkas
  6 bats
  4 frilled lizards
  5 rats
70 creatures vanquished.

Vanquished Creatures (others)
  A fungus (D:2)
  3 plants (D:2)
4 creatures vanquished.

Grand Total: 74 creatures vanquished

Notes
Turn   | Place    | Note
-------+----------+-------------------------------------------
     0 | D:1      | Woods the Djinni Venom Mage began the quest for the Orb.
     0 | D:1      | Reached XP level 1. HP: 15/15 MP: 0/0
   151 | D:1      | Reached XP level 2. HP: 13/21 MP: 0/0
  1332 | D:2      | Reached skill level 3 in Spellcasting
  1332 | D:2      | Reached XP level 3. HP: 5/25 MP: 0/0
  1332 | D:2      | Learned a level 1 spell: Apportation
  2062 | D:2      | Found a faded altar of an unknown god.
  2479 | D:3      | Reached XP level 4. HP: 25/31 MP: 0/0
  2567 | D:3      | Found a shadowy altar of Dithmenos.
  3057 | D:3      | Found a stormy altar of Qazlal.
  3059 | D:3      | Found an ornate altar of the Wu Jian Council.
  3806 | D:4      | Found a burning altar of Makhleb.
  3838 | D:4      | HP: 1/31 [orc priest/divine providence (16)]
  3844 | D:4      | Reached skill level 4 in Spellcasting
  3844 | D:4      | Reached XP level 5. HP: 2/35 MP: 0/0
  3844 | D:4      | Learned a level 2 spell: Ensorcelled Hibernation
  4193 | D:4      | Noticed an ogre
  4362 | D:4      | Killed an ogre
  4363 | D:4      | Reached XP level 6. HP: 37/40 MP: 0/0
  4440 | D:4      | Noticed a necrophage
  5462 | D:4      | Found a hazy altar of Hepliaklqana.
  5640 | D:4      | Reached skill level 5 in Spellcasting
  5651 | D:4      | HP: 2/41 [centaur zombie (3)]
  5656 | D:4      | Slain by a centaur zombie

Illustrated notes

Levels and vault maps discovered:
D:1:      lightli_arrival_quake, layout_basic
D:2:      layout_basic, shapermc_ecumenical_altar_mp_urbaneastern,
          hangedman_decor_push, minmay_crystal_room, minmay_pentomino_w4
D:3:      layout_loops_ring, lemuel_tele_altar, nicolae_sif_muna_condensation,
          nicolae_overflow_hidden_temple, minmay_misc_feat_doors
D:4:      layout_basic, lemuel_doored_altar, mainiacjoe_overflow_alcove_1,
          serial_shops, kennysheep_mini

Skill      XL: |  1  2  3  4  5  6 |
---------------+-------------------+-----
Spellcasting   | 3 4 5 |  5.0
Stealth        | 2 |  2.3
Fighting       | |  0.4
Dodging        | |  2.9
Unarmed Combat | |  0.5

Action                   |  1- 3 |  4- 6 || total
-------------------------+-------+-------++-------
Melee: Unarmed           |     2 |    67 ||    69
 Cast: Sting             |    67 |    65 ||   132
       Poisonous Vapours |     4 |    21 ||    25
       Olgreb's Toxic Ra |       |     2 ||     2
  Use: Potion            |       |     1 ||     1
Armor: Robe              |     3 |    17 ||    20
Dodge: Dodged            |    15 |    95 ||   110

Table legend: (Time is in decaauts)
 A = Elapsed time spent in this place.
 B = Non-inter-level travel time spent in this place.
 C = Inter-level travel time spent in this place.
 D = Time resting spent in this place.
 E = Time spent auto-exploring this place.
 F = Levels seen in this place.
 G = Mean time per level.
                   A        B        C        D        E       F      G
               +--------+--------+--------+--------+--------+-----+--------+
         Total |   5659 |   5384 |    275 |   1759 |   2807 |   4 | 1414.8 |
       Dungeon |   5659 |   5384 |    275 |   1759 |   2807 |   4 | 1414.8 |
               +--------+--------+--------+--------+--------+-----+--------+

Top non-repeatable levels by time:
     D:3: 1857 daAuts
     D:2: 1464 daAuts
     D:4: 1420 daAuts
     D:1: 917 daAuts
